 Dungeon Crawl Stone Soup version 0.22-a0-803-gd6d8abe (webtiles) character file.

544 Amnesiac the Digger (level 7, -1/46 HPs)
             Began as a Mummy Earth Elementalist on July 22, 2018.
             Was a Follower of Sif Muna.
             Slain by a hippogriff (7 damage)
             ... on level 5 of the Dungeon.
             The game lasted 00:07:26 (3853 turns).

Amnesiac the Digger (Mummy Earth Elementalist)      Turns: 3853, Time: 00:07:27

Health: -1/46      AC:  2    Str: 12    XL:     7   Next: 6%
Magic:  0/24       EV: 12    Int: 16    God:    Sif Muna [*.....]
Gold:   290        SH:  0    Dex: 12    Spells: 2/17 levels left

rFire    x . .     SeeInvis .   d - +0 short sword
rCold    + . .     Gourm    .   (no shield)
rNeg     + + +     Faith    .   c - +0 robe
rPois    ∞         Spirit   .   (no helmet)
rElec    .         Reflect  .   (no cloak)
rCorr    .         Harm     .   (no gloves)
MR       .....                  (no boots)
Stlth    ++........             (no amulet)
HPRegen  0.15/turn              k - ring of magical power
MPRegen  0.19/turn              (no ring)

@: no casting
A: no food or potions, fire vulnerability, cold resistance 1, negative energy
resistance 3, torment resistance, unbreathing
a: Stop Divine Energy, Renounce Religion


You were on level 5 of the Dungeon.
You worshipped Sif Muna.
Sif Muna was aware of your devotion.
You were not hungry.

You visited 1 branch of the dungeon, and saw 5 of its levels.

You collected 290 gold pieces.

Inventory:

Hand Weapons
 d - a +0 short sword (weapon)
 h - a +0 blowgun
Missiles
 i - 25 poisoned needles
Armour
 c - a +0 robe (worn)
Jewellery
 k - a ring of magical power (left hand)
Scrolls
 a - 2 scrolls of remove curse {!r}
 b - a scroll of fog {!r, unknown}
 e - 3 scrolls of identify {!r}
 f - 2 scrolls of enchant armour {!r}
 g - 3 scrolls of teleportation {!r, unknown}
 j - a scroll of fear {!r, unknown}
 l - a scroll of immolation {!r, unknown}
 m - a scroll of magic mapping {!r, unknown}


   Skills:
 - Level 1.5 Dodging
 - Level 1.5 Stealth
 + Level 5.6 Spellcasting
 - Level 0.7 Transmutations
 * Level 5.7 Earth Magic


You had 2 spell levels left.
You knew the following spells:

 Your Spells              Type           Power        Failure   Level  Hunger
a - Stone Arrow           Conj/Erth      ##....       13%         3    N/A
b - Passwall              Tmut/Erth      ##......     6%          2    N/A
c - Sandblast             Erth           ###...       1%          1    N/A
d - Lee's Rapid Deconstr  Erth           ###.......   36%         5    N/A
e - Petrify               Tmut/Erth      ##......     36%         4    N/A

Your spell library contained the following spells:

 Spells                   Type           Power        Failure   Level  Hunger


Dungeon Overview and Level Annotations

Branches:
Dungeon (5/15)
 Temple: D:4-7

Altars:
Ashenzari
Gozag
Hepliaklqana
Nemelex Xobeh
Sif Muna
Uskayaw

Shops:
D:4 (*

Annotations:
D:3 Ijyb


Innate Abilities, Weirdness & Mutations

You do not eat or drink.
Your flesh is vulnerable to fire.
You are immune to poison.
Your flesh is cold resistant. (rC+)
You are immune to negative energy. (rN+++)
You are immune to unholy pain and torment.
You can survive without breathing.


Message History

You can't see any susceptible monsters within range! (Use Z to cast anyway.)
A hippogriff comes into view.
A hippogriff is nearby!
Casting: Stone Arrow (safe; 13% risk of failure)
Confirm with . or Enter, or press ? or * to list all spells.
The spell is very dangerous to cast (36% risk of failure)!
Continue anyway? [Y]es or [N]o only, please.
The spell is very dangerous to cast (36% risk of failure)!
Continue anyway?
Okay, then.
The hippogriff screeches!
Casting: Lee's Rapid Deconstruction (very dangerous; 36% risk of failure)
Confirm with . or Enter, or press ? or * to list all spells.
Aiming: Stone Arrow (safe; 13% risk of failure)
Press: ? - help, Shift-Dir - straight line, f - hippogriff
Aim: a hippogriff The stone arrow hits the hippogriff.
The hippogriff is lightly wounded.
Casting: Stone Arrow (safe; 13% risk of failure)
Confirm with . or Enter, or press ? or * to list all spells.
Aiming: Stone Arrow (safe; 13% risk of failure)
Press: ? - help, Shift-Dir - straight line, f/p - hippogriff
Aim: a hippogriff (lightly wounded)
The stone arrow misses the hippogriff.
Casting: Stone Arrow (safe; 13% risk of failure)
Confirm with . or Enter, or press ? or * to list all spells.
Aiming: Stone Arrow (safe; 13% risk of failure)
Press: ? - help, Shift-Dir - straight line, f/p - hippogriff
Aim: a hippogriff (lightly wounded)
The stone arrow hits the hippogriff.
The hippogriff is moderately wounded.
The hippogriff bites you! The hippogriff pecks you. The hippogriff claws you.
Casting: Stone Arrow (safe; 13% risk of failure)
Confirm with . or Enter, or press ? or * to list all spells.
Aiming: Stone Arrow (safe; 13% risk of failure)
Press: ? - help, Shift-Dir - straight line, f/p - hippogriff
Aim: a hippogriff (moderately wounded)
The stone arrow hits the hippogriff.
The hippogriff is heavily wounded.
The hippogriff closely misses you. The hippogriff pecks you!
* * * LOW HITPOINT WARNING * * *
The hippogriff closely misses you.
Casting: Stone Arrow (safe; 13% risk of failure)
Confirm with . or Enter, or press ? or * to list all spells.
Aiming: Stone Arrow (safe; 13% risk of failure)
Press: ? - help, Shift-Dir - straight line, f/p - hippogriff
Aim: a hippogriff (heavily wounded)
The stone arrow hits the hippogriff.
The hippogriff is severely wounded.
The hippogriff barely misses you. The hippogriff pecks you.
* * * LOW HITPOINT WARNING * * *
The hippogriff claws you!
* * * LOW HITPOINT WARNING * * *
Casting: Stone Arrow (safe; 13% risk of failure)
Confirm with . or Enter, or press ? or * to list all spells.
Aiming: Stone Arrow (safe; 13% risk of failure)
Press: ? - help, Shift-Dir - straight line, f/p - hippogriff
Aim: a hippogriff (severely wounded)
The stone arrow hits the hippogriff.
The hippogriff is almost dead.
Sif Muna grants you divine energy.
You briefly lose access to your magic!
The hippogriff bites you!
* * * LOW HITPOINT WARNING * * *
The hippogriff pecks you!
You die...

### ..# #.#
### #.# ..#
#.# #.# #H# #
#.# #@#
#.###.###.#
#.........###
####........#
#..#####.#
##+# #..###
.# #...##
#....# #
.....##
#.##.###.
......##
#........


You could see a hippogriff.

Vanquished Creatures
  2 ogres
  A scorpion (D:5)
  A bullfrog zombie (D:5)
  A hound (D:4)
  2 iguanas (D:4)
  9 adders
  An adder skeleton (D:4)
  6 worms
  3 dart slugs
  A leopard gecko (D:3)
  2 orcs
  6 giant cockroaches
  10 goblins
  8 hobgoblins
  4 jackals
  12 kobolds
  6 quokkas
  A ball python skeleton (D:4)
  11 bats
  6 frilled lizards
  13 rats
106 creatures vanquished.

Notes
Turn   | Place    | Note
-------+----------+-------------------------------------------
     0 | D:1      | Amnesiac the Mummy Earth Elementalist began the quest for the Orb.
     0 | D:1      | Reached XP level 1. HP: 13/13 MP: 4/4
    20 | D:2      | Reached XP level 2. HP: 19/19 MP: 2/5
    45 | D:2      | Learned a level 2 spell: Passwall
    63 | D:2      | Noticed an ogre
    79 | D:2      | Killed an ogre
    79 | D:2      | Reached XP level 3. HP: 24/24 MP: 1/8
    79 | D:2      | Reached XP level 4. HP: 30/30 MP: 1/9
   288 | D:2      | Found a deep blue altar of Sif Muna.
   291 | D:2      | Became a worshipper of Sif Muna the Loreminder
   490 | D:1      | Reached XP level 5. HP: 26/35 MP: 11/11
   495 | D:1      | Learned a level 3 spell: Stone Arrow
   500 | D:1      | Learned a level 4 spell: Petrify
  1161 | D:2      | Found a sparkling altar of Nemelex Xobeh.
  1182 | D:2      | Found an opulent altar of Gozag.
  1463 | D:3      | Noticed Ijyb
  2212 | D:3      | Found a shattered altar of Ashenzari.
  2653 | D:4      | Found Grecves's Goods Gallery.
  2669 | D:4      | Reached * piety under Sif Muna
  2669 | D:4      | Reached XP level 6. HP: 29/41 MP: 13/13
  2717 | D:4      | Reached skill level 5 in Earth Magic
  2732 | D:4      | Found a hide-covered altar of Uskayaw.
  2802 | D:4      | Found Xefec's Weapon Shop.
  2848 | D:4      | HP: 2/41 [ogre/giant club (13)]
  2853 | D:4      | Reached skill level 5 in Spellcasting
  2860 | D:4      | Learned a level 5 spell: Lee's Rapid Deconstruction
  3113 | D:4      | Found a hazy altar of Hepliaklqana.
  3585 | D:5      | Entered Level 5 of the Dungeon
  3650 | D:5      | Reached XP level 7. HP: 40/46 MP: 4/15
  3845 | D:5      | Noticed a hippogriff
  3853 | D:5      | Slain by a hippogriff

Vault maps used:
D:1:      onia_arrival_mini_spirals, solitary_fountain
D:2:      nicolae_gozag_cash_rules_everything_around_me, lemuel_blue_sif_altar,
          minmay_fountain_box, nemelex_lonely_heart_becter
D:3:      st_stairs_13, evilmike_ruin_ashenzari, uniq_ijyb
D:4:      kennysheep_mini, eat_drink_and_be_merry_uskayaw, serial_shops,
          nicolae_shop_crystal, nicolae_alphabet_shops
D:5:      minmay_temple_entry_glassed_door, first_ration,
          kennysheep_okawaru_gauntlet, uniq_pikel

Skill      XL: |  1  2  3  4  5  6 |
---------------+-------------------+-----
Earth Magic    | 3 4 5 |  5.7
Spellcasting   | 3 4 5 |  5.6
Dodging        | |  1.5
Stealth        | |  1.5
Transmutations | |  0.7

Action                   |  1- 3 |  4- 6 |  7- 9 || total
-------------------------+-------+-------+-------++-------
Melee: Unarmed           |     6 |     4 |       ||    10
       Short sword       |       |   241 |       ||   241
 Cast: Sandblast         |     5 |    68 |       ||    73
       Stone Arrow       |       |    26 |    12 ||    38
Invok: Divine Energy     |       |     1 |       ||     1
  Use: Scroll            |       |     4 |       ||     4
 Stab: Sleeping          |       |     8 |       ||     8
Armor: Robe              |       |    59 |       ||    59
Dodge: Dodged            |     8 |   207 |     3 ||   218

Table legend:
 A = Spawn XP
 B = Non-spawn XP
 C = Spawn XP percentage of total XP
 D = Spawn monster count
 E = Non-spawn monster count
 F = Spawn count percentage of total count
 G = Total turns spent on level
                    A         B        C        D         E        F      G
               +---------+---------+-------+---------+---------+-------+---------
         Total |       0 |     778 |   0.0 |       0 |     106 |   0.0 |  3853
               +---------+---------+-------+---------+---------+-------+---------
           D:1 |       0 |      54 |   0.0 |       0 |      32 |   0.0 |   773
           D:2 |       0 |     225 |   0.0 |       0 |      29 |   0.0 |   940
           D:3 |       0 |     100 |   0.0 |       0 |      26 |   0.0 |   892
           D:4 |       0 |     269 |   0.0 |       0 |      14 |   0.0 |   980
           D:5 |       0 |     130 |   0.0 |       0 |       5 |   0.0 |   268
               +---------+---------+-------+---------+---------+-------+---------
